BSA
NEW YORK KNIGHTS @ BOSTON REBELS
06/17/2024
 
TOP OF THE 1ST
New York Knights batting - Pitching for Boston Rebels : RHP Soh Suzuki
Pitching: RHP Soh Suzuki
Batting: RHB Daryl Floyd 0-0: Foul Ball, location: 2F
0-1: Foul Ball, location: 2F
0-2: Ball
1-2: Strikes out swinging
Batting: RHB Pepe Carrasco 0-0: Ball
1-0: SINGLE (Groundball, 3D)
Batting: LHB Troy Donaldson 0-0: Called Strike
0-1: Ball
1-1: Foul Ball, location: 2F
1-2: Foul Ball, location: 2F
1-2: Ball
Pepe Carrasco steals 2nd base
2-2: Foul Ball, location: 2F
2-2: Foul Ball, location: 2F
2-2: Ball
3-2: Base on Balls
Pitching: RHP Takafumi Ogusuku
Batting: LHB Tom Waller 0-0: SINGLE (Groundball, 34D)
Pepe Carrasco to third
Troy Donaldson to second
Runner from 3rd tries for Home, SAFE, throw made home
Batting: RHB Cheng-ho Qiao 0-0: Called Strike
Tom Waller is caught stealing 2nd base
0-1: Ball
1-1: Fly out, F8 (Flyball, 8LXD)
Top of the 1st over - 1 run(s), 2 hit(s), 0 error(s), 1 left on base; New York 1 - Boston 0
BOTTOM OF THE 1ST
Boston Rebels batting - Pitching for New York Knights : RHP José Navarro
Pitching: RHP José Navarro
Batting: LHB Bill Wilson 0-0: Foul Ball, location: 2F
0-1: Swinging Strike
0-2: Ball
1-2: Ball
2-2: Ground out 3-1 (Groundball, 3)
Batting: SHB Álex Rosado 0-0: Ground out 5-3 (Groundball, 6S)
Batting: RHB Ronnie Brown 0-0: Ball
1-0: Ball
2-0: Ground out 4-3 (Groundball, 34)
Bottom of the 1st over - 0 run(s), 0 hit(s), 0 error(s), 0 left on base; New York 1 - Boston 0
TOP OF THE 2ND
New York Knights batting - Pitching for Boston Rebels : RHP Takafumi Ogusuku
Batting: RHB Sixto Vélez 0-0: Ball
1-0: Ball
2-0: Called Strike
2-1: Fly out, F9 (Flyball, 9LM)
Batting: SHB Domingo Martínez 0-0: Swinging Strike
0-1: Swinging Strike
0-2: Strikes out swinging
Batting: RHB Jesús Maestas 0-0: Fly out, F7 (Flyball, 7D)
Top of the 2nd over - 0 run(s), 0 hit(s), 0 error(s), 0 left on base; New York 1 - Boston 0
BOTTOM OF THE 2ND
Boston Rebels batting - Pitching for New York Knights : RHP José Navarro
Batting: LHB Bill Wilson 0-0: Called Strike
0-1: Foul Ball, location: 2F
0-2: Strikes out looking
Batting: LHB Félix Gómez 0-0: DOUBLE (Groundball, 5L)
Batting: LHB Stanley Mullins 0-0: Ball
1-0: Swinging Strike
1-1: Ball
2-1: Ground out 4-3 (Groundball, 4)
Félix Gómez to third
Batting: RHB Wilson Gómez 0-0: Ball
1-0: Called Strike
1-1: Foul Ball, location: 2F
1-2: Ball
2-2: Foul Ball, location: 2F
2-2: Ball
3-2: Ground out 6-3 (Groundball, 56)
Bottom of the 2nd over - 0 run(s), 1 hit(s), 0 error(s), 1 left on base; New York 1 - Boston 0
TOP OF THE 3RD
New York Knights batting - Pitching for Boston Rebels : RHP Takafumi Ogusuku
Batting: RHB Keitaro Suzuki 0-0: Swinging Strike
0-1: Fly out, F7 (Flyball, 78D)
Batting: RHB Daryl Floyd 0-0: Ball
1-0: Ball
2-0: Called Strike
2-1: Ball
3-1: SINGLE (Groundball, 4MD)
Batting: RHB Pepe Carrasco 0-0: Ball
Daryl Floyd is caught stealing 2nd base
1-0: Ball
2-0: Ball
3-0: Called Strike
3-1: Base on Balls
Batting: LHB Troy Donaldson 0-0: Ground out 1-3 (Groundball, 25)
Top of the 3rd over - 0 run(s), 1 hit(s), 0 error(s), 1 left on base; New York 1 - Boston 0
BOTTOM OF THE 3RD
Boston Rebels batting - Pitching for New York Knights : RHP José Navarro
Batting: LHB Tony Ramírez 0-0: Ball
1-0: Fly out, F6 (Popup, 6MD)
Batting: RHB Rubén Matos 0-0: SINGLE (Line Drive, 4MD)
Batting: LHB Bill Wilson 0-0: DOUBLE (Line Drive, 89XD)
Rubén Matos to third
Batting: SHB Álex Rosado 0-0: Foul Ball, location: 2F
0-1: Ball
1-1: Ball
2-1: Fly out, F7 (Flyball, 7S)
Batting: RHB Ronnie Brown 0-0: Ball
1-0: Called Strike
1-1: Ground out 6-3 (Groundball, 6)
Bottom of the 3rd over - 0 run(s), 2 hit(s), 0 error(s), 2 left on base; New York 1 - Boston 0
TOP OF THE 4TH
New York Knights batting - Pitching for Boston Rebels : RHP Takafumi Ogusuku
Batting: LHB Tom Waller 0-0: Ground out U3 (Groundball, 3S)
Batting: RHB Cheng-ho Qiao 0-0: Foul Ball, location: 2F
0-1: Ball
1-1: Fly out, F7 (Flyball, 7S)
Batting: RHB Sixto Vélez 0-0: Ball
1-0: Ball
2-0: Ball
3-0: Base on Balls
Batting: SHB Domingo Martínez 0-0: Ball
1-0: Called Strike
1-1: Swinging Strike
1-2: Strikes out looking
Top of the 4th over - 0 run(s), 0 hit(s), 0 error(s), 1 left on base; New York 1 - Boston 0
BOTTOM OF THE 4TH
Boston Rebels batting - Pitching for New York Knights : RHP José Navarro
Batting: LHB Bill Wilson 0-0: Ball
1-0: Ball
2-0: Ball
3-0: Base on Balls
Batting: LHB Félix Gómez 0-0: Foul Ball, location: 2F
0-1: Foul Ball, location: 2F
0-2: Strikes out looking
Batting: LHB Stanley Mullins 0-0: Ball
1-0: Called Strike
1-1: Ball
2-1: Foul Ball, location: 2F
2-2: Grounds into double play, 4-6-3 (Groundball, 4)
Bottom of the 4th over - 0 run(s), 0 hit(s), 0 error(s), 0 left on base; New York 1 - Boston 0
TOP OF THE 5TH
New York Knights batting - Pitching for Boston Rebels : RHP Takafumi Ogusuku
Batting: RHB Jesús Maestas 0-0: Ball
1-0: Ball
2-0: Called Strike
2-1: Swinging Strike
2-2: Foul Ball, location: 2F
2-2: Ball
3-2: Fly out, F3 (Popup, 3F)
Batting: RHB Keitaro Suzuki 0-0: Swinging Strike
0-1: Called Strike
0-2: Ball
1-2: Ball
2-2: Ball
3-2: Base on Balls
Pitching: LHP António Alvarado
Batting: RHB Daryl Floyd 0-0: Swinging Strike
0-1: Ball
1-1: Foul Ball, location: 2F
1-2: Ball
2-2: Foul Ball, location: 2F
2-2: Ball
3-2: Fly out, F7 (Flyball, 78D)
Batting: RHB Pepe Carrasco 0-0: Ball
1-0: Called Strike
1-1: Ball
2-1: Fielders Choice at 2nd, 6-4 (Groundball, 6)
Top of the 5th over - 0 run(s), 0 hit(s), 0 error(s), 0 left on base; New York 1 - Boston 0
BOTTOM OF THE 5TH
Boston Rebels batting - Pitching for New York Knights : RHP José Navarro
Batting: RHB Wilson Gómez 0-0: Foul Ball, location: 2F
0-1: Swinging Strike
0-2: Strikes out swinging
Batting: LHB Tony Ramírez 0-0: Ground out 3-1 (Groundball, 34)
Batting: RHB Rubén Matos 0-0: Ball
1-0: Called Strike
1-1: Swinging Strike
1-2: SINGLE (Groundball, 4MD)
Batting: LHB Bill Wilson 0-0: Ball
1-0: Fielders Choice at 2nd, U6 (Groundball, 6M)
Bottom of the 5th over - 0 run(s), 1 hit(s), 0 error(s), 1 left on base; New York 1 - Boston 0
TOP OF THE 6TH
New York Knights batting - Pitching for Boston Rebels : LHP António Alvarado
Batting: LHB Troy Donaldson 0-0: Ball
1-0: Foul Ball, location: 2F
1-1: Foul Ball, location: 2F
1-2: Strikes out swinging
Batting: LHB Tom Waller 0-0: Ball
1-0: Called Strike
1-1: Swinging Strike
1-2: Foul Ball, location: 2F
1-2: Strikes out swinging
Batting: RHB Cheng-ho Qiao 0-0: Ball
1-0: Ground out 1-3 (Groundball, 15)
Top of the 6th over - 0 run(s), 0 hit(s), 0 error(s), 0 left on base; New York 1 - Boston 0
BOTTOM OF THE 6TH
Boston Rebels batting - Pitching for New York Knights : RHP José Navarro
Batting: SHB Álex Rosado 0-0: Called Strike
0-1: Ground out 6-3 (Groundball, 6M)
Batting: RHB Ronnie Brown 0-0: Foul Ball, location: 2F
0-1: SINGLE (Line Drive, 89M)
Batting: LHB Bill Wilson 0-0: Called Strike
0-1: Swinging Strike
0-2: Strikes out looking
Batting: LHB Félix Gómez 0-0: Foul Ball, location: 2F
0-1: Ball
Throwing error on steal attempt, E2
Ronnie Brown to third
1-1: Ball
2-1: Foul Ball, location: 2F
2-2: SINGLE (Groundball, 4MD)
Ronnie Brown scores
Batting: LHB Stanley Mullins 0-0: Called Strike
0-1: Foul Ball, location: 2F
0-2: Ball
1-2: Ball
2-2: Ball
3-2: SINGLE (Groundball, 4)
Félix Gómez to second
Félix Gómez to third
Batting: RHB Wilson Gómez 0-0: Ball
1-0: Fielders Choice at 2nd, U4 (Groundball, 4M)
Bottom of the 6th over - 1 run(s), 3 hit(s), 1 error(s), 2 left on base; New York 1 - Boston 1
TOP OF THE 7TH
New York Knights batting - Pitching for Boston Rebels : LHP António Alvarado
Batting: RHB Sixto Vélez 0-0: Ball
1-0: Ball
2-0: Ball
3-0: Base on Balls
Batting: SHB Domingo Martínez 0-0: Called Strike
0-1: Ball
1-1: Swinging Strike
1-2: Strikes out swinging
Pitching: RHP Alberto Bonilla
Batting: RHB Jesús Maestas 0-0: Swinging Strike
0-1: 2-RUN HOME RUN (Flyball, 7LD), Distance : 372 ft
Batting: RHB Keitaro Suzuki 0-0: Called Strike
0-1: Swinging Strike
0-2: Foul Ball, location: 2F
0-2: Strikes out swinging
Batting: RHB Daryl Floyd 0-0: Ball
1-0: Ball
2-0: Foul Ball, location: 2F
2-1: Swinging Strike
2-2: Strikes out looking
Top of the 7th over - 2 run(s), 1 hit(s), 0 error(s), 0 left on base; New York 3 - Boston 1
BOTTOM OF THE 7TH
Boston Rebels batting - Pitching for New York Knights : RHP José Navarro
Batting: LHB Tony Ramírez 0-0: Ball
1-0: SINGLE (Line Drive, 9S)
Batting: RHB Rubén Matos 0-0: Ball
1-0: Called Strike
1-1: Ball
2-1: SINGLE (Groundball, 56D)
Tony Ramírez to second
Tony Ramírez to third
Batting: LHB Bill Wilson 0-0: Called Strike
0-1: Ball
1-1: Fly out, F9 (Flyball, 89XD)
Runner from 3rd tags up, SCORES, no throw
Batting: SHB Álex Rosado 0-0: Fly out, F8 (Flyball, 8RXD)
Batting: RHB Ronnie Brown 0-0: Called Strike
0-1: Foul Ball, location: 2F
0-2: SINGLE (Groundball, 6MD) (infield hit)
Rubén Matos to second
Batting: LHB Bill Wilson 0-0: Ball
1-0: Ball
2-0: Foul Ball, location: 2F
2-1: SINGLE (Line Drive, 7S)
Rubén Matos to third
Ronnie Brown to second
Batting: LHB Félix Gómez 0-0: Called Strike
0-1: Swinging Strike
0-2: Ball
1-2: Fly out, F3 (Line Drive, 3)
Bottom of the 7th over - 1 run(s), 4 hit(s), 0 error(s), 3 left on base; New York 3 - Boston 2
TOP OF THE 8TH
New York Knights batting - Pitching for Boston Rebels : RHP Alberto Bonilla
Batting: RHB Pepe Carrasco 0-0: Ball
1-0: Ball
2-0: Ground out 6-3 (Groundball, 6M)
Pitching: LHP Yoshihiro Hasegawa
Batting: LHB Troy Donaldson 0-0: Called Strike
0-1: Ground out 6-3 (Groundball, 6M)
Pitching: RHP Lorenzo Vargas
Batting: LHB Tom Waller 0-0: Called Strike
0-1: Ball
1-1: SINGLE (Groundball, 34)
Batting: RHB Cheng-ho Qiao 0-0: Swinging Strike
0-1: Swinging Strike
0-2: Strikes out swinging
Top of the 8th over - 0 run(s), 1 hit(s), 0 error(s), 1 left on base; New York 3 - Boston 2
BOTTOM OF THE 8TH
Boston Rebels batting - Pitching for New York Knights : RHP José Navarro
Pitching: RHP Joe Watts
Batting: LHB Stanley Mullins 0-0: Foul Ball, location: 2F
0-1: Ball
1-1: Ground out 4-3 (Groundball, 4M)
Pitching: RHP António Sánchez
Batting: RHB Wilson Gómez 0-0: Foul Ball, location: 2F
0-1: Foul Ball, location: 2F
0-2: Strikes out swinging
Pitching: LHP Fernando Alvarado
Batting: LHB Tony Ramírez 0-0: Foul Ball, location: 2F
0-1: Ball
1-1: Ground out 4-3 (Groundball, 4)
Bottom of the 8th over - 0 run(s), 0 hit(s), 0 error(s), 0 left on base; New York 3 - Boston 2
TOP OF THE 9TH
New York Knights batting - Pitching for Boston Rebels : RHP Lorenzo Vargas
Batting: RHB Sixto Vélez 0-0: Called Strike
0-1: Swinging Strike
0-2: Strikes out swinging
Batting: SHB Domingo Martínez 0-0: Ball
1-0: Ball
2-0: DOUBLE (Line Drive, 9LS)
Pinch Hitting: SHB Marvin Harris 0-0: Intentional Walk
Pinch Runner at 2nd Nicholas Alston:
Batting: RHB Keitaro Suzuki 0-0: Foul Ball, location: 2F
0-1: Ball
1-1: Grounds into double play, 4-6-3 (Groundball, 4)
Top of the 9th over - 0 run(s), 1 hit(s), 0 error(s), 1 left on base; New York 3 - Boston 2
BOTTOM OF THE 9TH
Boston Rebels batting - Pitching for New York Knights : LHP Fernando Alvarado
Pitching: RHP Paco Ruíz
Now at C: Yasuhiko Sumita
Now in RF: Nicholas Alston
Pinch Hitting: LHB Lorenzo Flores 0-0: Called Strike
0-1: Ball
1-1: Foul Ball, location: 2F
1-2: Strikes out swinging
Batting: LHB Bill Wilson 0-0: Fly out, F4 (Popup, 4D)
Batting: SHB Álex Rosado 0-0: Ball
1-0: Ball
2-0: Ball
3-0: Called Strike
3-1: SINGLE (Line Drive, 89S)
Batting: RHB Ronnie Brown 0-0: Ball
1-0: Ball
2-0: Ball
3-0: Base on Balls
Álex Rosado to second
Batting: LHB Bill Wilson 0-0: Called Strike
0-1: Reached on error, E5 (Groundball, 5S)
Álex Rosado to third
Ronnie Brown to second
Batting: LHB Félix Gómez 0-0: Ball
1-0: Ball
2-0: Ball
3-0: Foul Ball, location: 2F
3-1: Called Strike
3-2: Foul Ball, location: 2F
3-2: Strikes out swinging
Bottom of the 9th over - 0 run(s), 1 hit(s), 1 error(s), 3 left on base; New York 3 - Boston 2
This league is powered by Out of the Park Baseball, the baseball management simulation game for PC, Mac and Linux
Saturday, April 9th, 2016 - OOTP Baseball 16.8 Build 38